 Dungeon Crawl Stone Soup version 0.17.0-23-g0de4337 (webtiles) character file.

109 imganon the Poker (level 4, -1/52 HPs)
             Began as a Demonspawn Chaos Knight on Nov 14, 2015.
             Slain by a hound (4 damage)
             ... on level 3 of the Dungeon.
             The game lasted 00:04:13 (2265 turns).

imganon the Poker (Demonspawn Chaos Knight)         Turns: 2265, Time: 00:04:14

Health: -1/52      AC: 22    Str: 13    XL:     4   Next: 59%
Magic:  4/4        EV:  2    Int: 14    God:    Xom [..*...]
Gold:   144        SH:  0    Dex: 12    Spells: 0 memorised, 3 levels left

rFire  . . .     SeeInvis .       - Unarmed
rCold  . . .     Clarity  .     (armour currently unavailable)
rNeg   + + +     SustAt   .     (no shield)
rPois  +         Gourm    .     (helmet currently unavailable)
rElec  .         Spirit   .     (cloak currently unavailable)
rCorr  .         Warding  .     (gloves currently unavailable)
rMut   .         NoTele   +     (boots currently unavailable)
MR     .....                    (no amulet)
Stlth  +.........               (no ring)
                                (no ring)

@: tree-form, not resistant to hostile enchantments, very unstealthy
A: (antennae 0), (claws 0)
a: Renounce Religion


You were on level 3 of the Dungeon.
You worshipped Xom.
You were a toy of Xom.
You were hungry.
You were a tree.
You visited 1 branch of the dungeon, and saw 4 of its levels.

You collected 144 gold pieces.

Inventory:

Armour
 f - a +0 ring mail (melded)
 h - a +0 pair of boots (melded)
Jewellery
 k - an uncursed amulet of rage {unknown}
Scrolls
 b - 6 scrolls of identify {unknown}
 e - a scroll of blinking {unknown}
 j - 2 scrolls of teleportation {unknown}
 n - a scroll of immolation {unknown}
 o - a scroll of magic mapping {unknown}
 q - a scroll of remove curse {unknown}
Potions
 a - a potion of lignification
 d - a potion of cure mutation
 i - a potion of poison {unknown}
 l - a potion of invisibility {unknown}
 p - a potion of resistance {unknown}
 r - 2 potions of curing {unknown}
 s - a potion of degeneration {unknown}
Comestibles
 c - 6 bread rations
 g - 2 meat rations
 m - 8 fruits
 t - a chunk of flesh


   Skills:
 - Level 3.0 Fighting
   Level 3.8 Polearms
 - Level 1.7 Armour
 - Level 0.8 Dodging
 + Level 2.8 Unarmed Combat


You had 3 spell levels left.
You didn't know any spells.

Dungeon Overview and Level Annotations

Branches:
Dungeon (4/15)
 Temple: D:4-7

Altars:
Gozag

Annotations:
D:4 Pikel


Innate Abilities, Weirdness & Mutations

((You have a pair of small antennae on your head.))
((You have sharp fingernails.))


Message History

The hound is severely wounded.
The hound bites you.
* * * LOW HITPOINT WARNING * * *
The hound bites you.
* * * LOW HITPOINT WARNING * * *
Your ring mail prevents you from hitting the hound.
The hound is severely wounded.
The hound bites you but does no damage.
Drink which item? (? for menu, Esc to quit)
It was a potion of lignification.
You turn into a tree.
Your +0 pair of boots melds into your body.
Your +0 ring mail melds into your body.
Your roots penetrate the ground.
Xom thinks this is hilarious!
The hound bites you but does no damage. The hound completely misses you.
Drink which item? (? for menu, Esc to quit)
It was a potion of cure mutation.
It has a very clean taste.
Xom thinks this is hilarious!
The hound bites you.
You die... "Boring in life, boring in death..."

.........### #.# ##########
#.# ### #.# ##.## #.#########
##.#.########.........#
##.###.......#.#######.# #.##
##..##........# #.#
##.###.#.##......#.# #.#
##.#.##.##...h♣##.# #.#
##..##.......###.# #.#
#####..#####..#.# #.# #.#
.......# #..#.# #.# #.#
#####..#####..#'###># #.######
#####...............# #......#
#........####.....### ######.#
#......#.###.......## ##.##.#
#..#...#.##.........####.....#


You could see a hound.

Vanquished Creatures
  A hound (D:4)
  3 adders
  An ooze (D:3)
  A worm (D:3)
  3 giant geckos
  An orc (D:3)
  3 bats
  2 giant cockroaches (D:1)
  6 goblins
  5 hobgoblins
  5 jackals
  A quokka (D:3)
  A ball python (D:3)
  3 giant newts (D:1)
  4 kobolds
  3 rats
43 creatures vanquished.

Notes
Turn   | Place    | Note
--------------------------------------------------------------
     0 | D:1      | imganon the Demonspawn Chaos Knight began the quest for the Orb.
     0 | D:1      | Reached XP level 1. HP: 18/18 MP: 1/1
     3 | D:1      | XOM: harmless Fire miscast
     9 | D:1      | XOM: divination: detect items
   114 | D:1      | XOM: harmless Chrm miscast
   126 | D:1      | XOM: potion effect (heal wounds)
   132 | D:1      | Gained mutation: You have a pair of small antennae on your head. [demonic ancestry]
   132 | D:1      | Reached XP level 2. HP: 22/24 MP: 2/2
   233 | D:1      | XOM: noise
   255 | D:1      | Gained mutation: You have sharp fingernails. [demonic ancestry]
   255 | D:1      | Reached XP level 3. HP: 29/29 MP: 3/3
   700 | D:2      | Found an opulent altar of Gozag.
   971 | D:2      | Reached skill level 1 in Unarmed Combat
  1023 | D:2      | XOM: colour smoke trail
  1065 | D:2      | XOM: harmless Necr miscast
  1435 | D:3      | XOM: divination: detect creatures
  1564 | D:3      | XOM: polymorph bat -> jackal
  1648 | D:3      | Reached XP level 4. HP: 33/35 MP: 4/4
  1690 | D:3      | XOM: 4-stop teleportation journey
  2114 | D:3      | XOM: harmless Ice miscast
  2187 | D:4      | XOM: harmless Summ miscast
  2223 | D:4      | Found an opulent altar of Gozag.
  2241 | D:4      | Noticed a slave
  2243 | D:4      | Noticed a slave
  2244 | D:4      | Noticed Pikel
  2265 | D:3      | Slain by a hound

Action                   |  1- 3 |  4- 6 || total
-------------------------+-------+-------++-------
Melee: Spear             |    67 |       ||    67
       Unarmed           |   111 |    45 ||   156
  Use: Potion            |       |     2 ||     2
  Eat: Chunk             |     2 |     2 ||     4
